 Dungeon Crawl Stone Soup version 0.22-a0-565-gfc6459a (webtiles) character file.

72 Firecrotchwizard the Ruffian (level 4, -3/45 HPs)
             Began as a Troll Fighter on June 28, 2018.
             Slain by Sigmund
             ... wielding a +0 scythe of venom
              (9 damage)
             ... on level 2 of the Dungeon.
             The game lasted 00:01:58 (747 turns).

Firecrotchwizard the Ruffian (Troll Fighter)         Turns: 747, Time: 00:01:59

Health: -3/45      AC:  5    Str: 25    XL:     4   Next: 7%
Magic:  3/3        EV:  8    Int:  4    God:
Gold:   33         SH:  8    Dex:  9    Spells: 3/3 levels left

rFire    . . .     SeeInvis .     - Unarmed
rCold    . . .     Gourm    +   b - +0 shield
rNeg     . . .     Faith    .   a - +0 robe
rPois    .         Spirit   .   (helmet restricted)
rElec    .         Reflect  .   (no cloak)
rCorr    .         Harm     .   (gloves unavailable)
MR       .....                  (boots unavailable)
Stlth    +.........             (no amulet)
HPRegen  0.55/turn              (no ring)
MPRegen  0.08/turn              (no ring)

@: lethally poisoned (-3 -> -8)
A: large, unfitting armour, claws 3, fast metabolism 3, gourmand, regeneration
1, shaggy fur 1, tough skin 2
a: no special abilities


You were on level 2 of the Dungeon.
You were very full.

You visited 1 branch of the dungeon, and saw 2 of its levels.

You collected 33 gold pieces.

Inventory:

Hand Weapons
 e - a +0 club
   (You took it off a hobgoblin on level 1 of the Dungeon)
Armour
 a - a +0 robe (worn)
 b - a +0 shield (worn)
Jewellery
 j - an uncursed ring of protection from fire {unknown}
   (You found it on level 2 of the Dungeon)
Scrolls
 g - a scroll of fog {unknown}
 h - 3 scrolls of identify {unknown}
 k - a scroll of amnesia {unknown}
Potions
 c - a potion of might
 i - a potion of cancellation {unknown}
Comestibles
 d - 2 rations {@e1}
 f - 4 chunks of flesh {@w0}


   Skills:
 + Level 3.0 Fighting
 - Level 2.4 Dodging
 - Level 2.4 Shields
 * Level 3.8 Unarmed Combat


You had 3 spell levels left.
You didn't know any spells.
Your spell library was empty.

Dungeon Overview and Level Annotations

Branches:
Dungeon (2/15)

Altars:

Annotations:
D:2 Sigmund


Innate Abilities, Weirdness & Mutations

You are too large for most types of armour.
You have claws for hands.
Your metabolism is lightning-fast.
You like to eat raw meat.
Your natural rate of healing is unusually fast.
You are covered in fur. (AC +1)
You have very tough skin. (AC +2)


Message History

Things that are here:
a whip; a halberd There isn't anything to butcher here.
You block the worm's attack.
You claw the worm! The worm bites you.
You take 3 damage, and have 42/45 hp.
You barely miss the worm. You scratch the worm. The worm bites you.
You take 1 damage, and have 41/45 hp.
You barely miss the worm. You scratch the worm. The worm closely misses you.
You scratch the worm.
You kill the worm!
No target in view!
Eating one of 5 chunks of flesh {@w0}.
You eat one of the 5 chunks of flesh {@w0}.
This raw flesh tastes great.
You butcher the worm corpse.
f - 5 chunks of flesh {@w0} (gained 1)
k - a scroll labeled IKLYIR LIEFF Health restored: 45 A rat comes into view.
Your shield prevents you from hitting the rat.
The rat bites you but does no damage.
You scratch the rat.
You kill the rat!
No target in view!
You butcher the rat corpse.
f - 6 chunks of flesh {@w0} (gained 1)
h - 3 scrolls labeled BUNUM GEKAZI (gained 1)
You now have 33 gold pieces (gained 14).
A rat comes into view.
A kobold comes into view. It is wielding a club.
The kobold shouts!
Sigmund shouts!
Sigmund gestures wildly while chanting.
Sigmund flickers and vanishes!
Deactivating autopickup; reactivate with Ctrl-A.
The kobold hits you but does no damage.
You scratch the kobold. You block the rat's attack.
The kobold hits you but does no damage.
Some of the chunks of flesh in your inventory have rotted away.
You closely miss the kobold. The rat bites you. You block the kobold's attack.
You take 3 damage, and have 42/45 hp.
You claw the kobold!
You kill the kobold!
The rat bites you.
You barely miss the rat. You block the rat's attack.
You hear some strange, mumbled words.
A puff of flame appears from out of thin air!
The puff of flame hits you!
You take 6 damage, and have 36/45 hp.
You hear some strange, mumbled words.
Something tries to affect you, but you resist.
The rat barely misses you.
Things that are here:
a club; a kobold corpse You scratch something.
Something hits you.
You are poisoned.
You block the rat's attack.
You take 4 damage, and have 33/45 hp.
You closely miss something.
You feel sick. The rat bites you.
You take 2 damage, and have 31/45 hp.
You scratch something.
You feel sick.
You hear some strange, mumbled words.
A magic dart appears from out of thin air!
The magic dart hits you! The rat barely misses you.
Something completely misses you.
You take 7 damage, and have 24/45 hp.
You closely miss something. The rat bites you but does no damage.
You miss something.
You feel sick. You block the rat's attack. Something hits you!
You take 8 damage, and have 17/45 hp.
You closely miss something.
You feel sick. The rat bites you.
You take 2 damage, and have 15/45 hp.
Unknown command.
You closely miss something. You block something's attack.
The rat closely misses you.
You claw something!
You feel sick. Something completely misses you. You block the rat's attack.
You miss something.
The rat twitches its whiskers.
The rat barely misses you.
Unknown command.
You miss something.
You feel sick. Something hits you but does no damage. The rat bites you.
You take 1 damage, and have 14/45 hp.
You miss something. Something hits you!
* * * LOW HITPOINT WARNING * * *
You are more poisoned.
The rat bites you but does no damage.
You take 6 damage, and have 8/45 hp.
You miss something.
* * * LOW HITPOINT WARNING * * *
You feel sick. You block the rat's attack.
You take 1 damage, and have 7/45 hp.
You scratch something.
* * * LOW HITPOINT WARNING * * *
You feel sick. Something hits you!
You die...

.........# ##..##.#
.........# #...##.#
.........####...##)..#
........................
..)......###...>######.#@#
.........# #.#..# ..
############.#..## #.
#..#...##### #....@{....#
#....r.......
...............#
#...#...........#
###...#########.# #### #


You could see a rat.

Vanquished Creatures
  3 gnolls (D:2)
  A worm (D:2)
  A dart slug (D:2)
  2 ball pythons (D:1)
  A giant cockroach (D:1)
  5 goblins (D:1)
  9 hobgoblins
  2 kobolds
  6 bats (D:1)
  A frilled lizard (D:1)
  4 rats
35 creatures vanquished.

Notes
Turn   | Place    | Note
-------+----------+-------------------------------------------
     0 | D:1      | Firecrotchwizard the Troll Fighter began the quest for the Orb.
     0 | D:1      | Reached XP level 1. HP: 22/22 MP: 0/0
    70 | D:1      | Reached XP level 2. HP: 29/29 MP: 1/1
   289 | D:1      | Reached skill level 3 in Unarmed Combat
   460 | D:1      | Reached XP level 3. HP: 36/36 MP: 2/2
   599 | D:2      | Noticed Sigmund
   647 | D:2      | Reached skill level 3 in Fighting
   650 | D:2      | Reached XP level 4. HP: 44/45 MP: 3/3
   745 | D:2      | HP: 8/45 [something (7)]
   747 | D:2      | Slain by Sigmund

Vault maps used:
D:1:      dpeg_arrival_tiny_a
D:2:      kennysheep_cluttered_room, uniq_sigmund

Skill      XL: |  1  2  3 |
---------------+----------+-----
Unarmed Combat | 3 |  3.8
Fighting       | 3 |  3.0
Dodging        | |  2.4
Shields        | |  2.4

Action                   |  1- 3 |  4- 6 || total
-------------------------+-------+-------++-------
Melee: Unarmed           |    79 |    25 ||   104
  Eat: Chunk             |    11 |     1 ||    12
Armor: Robe              |    30 |     6 ||    36
Dodge: Dodged            |    23 |     7 ||    30
Block: Shield            |    37 |     9 ||    46

Table legend:
 A = Spawn XP
 B = Non-spawn XP
 C = Spawn XP percentage of total XP
 D = Spawn monster count
 E = Non-spawn monster count
 F = Spawn count percentage of total count
 G = Total turns spent on level
                    A         B        C        D         E        F      G
               +---------+---------+-------+---------+---------+-------+---------
         Total |       0 |     104 |   0.0 |       0 |      35 |   0.0 |   747
               +---------+---------+-------+---------+---------+-------+---------
           D:1 |       0 |      45 |   0.0 |       0 |      26 |   0.0 |   552
           D:2 |       0 |      59 |   0.0 |       0 |       9 |   0.0 |   195
               +---------+---------+-------+---------+---------+-------+---------

Vault maps used:
D:1:      dpeg_arrival_tiny_a
D:2:      kennysheep_cluttered_room, uniq_sigmund

Table legend:
 A = Turns spent in this place as a percentage of turns spent in the entire game.
 B = Non-inter-level travel turns spent in this place as a percentage of non-inter-level travel turns spent in the entire game.
 C = Inter-level travel turns spent in this place as a percentage of turns spent in this place.
 D = Turns resting spent in this place as a percentage of non-inter-level travel turns spent in this place.
 E = Turns spent auto-exploring this place as a percentage of non-inter-level travel turns spent in this place.
 F = Non-inter-level travel turns spent in this place divided by the number of levels of this place that you've seen.
                   A       B       C       D       E      F
               +-------+-------+-------+-------+-------+----------------------
         Total | 100.0 | 100.0 |   2.8 |   1.7 |  61.7 | 363.0
       Dungeon | 100.0 | 100.0 |   2.8 |   1.7 |  61.7 | 363.0
               +-------+-------+-------+-------+-------+----------------------

Table legend:
 A = Kills in this place as a percentage of kills in entire the game.
 B = Kills by you in this place as a percentage of kills by you in the entire game.
 C = Kills by friends in this place as a percentage of kills by friends in the entire game.
 D = Other kills in this place as a percentage of other kills in the entire game.
 E = Experience gained in this place as a percentage of experience gained in the entire game.
 F = Experience gained in this place divided by the number of levels of this place that you have seen.
                   A       B       C       D       E      F
               +-------+-------+-------+-------+-------+----------------------
         Total | 100.0 | 100.0 |   N/A |   N/A | 100.0 |  52.0
       Dungeon | 100.0 | 100.0 |   N/A |   N/A | 100.0 |  52.0
               +-------+-------+-------+-------+-------+----------------------
